 Dungeon Crawl Stone Soup version 0.20.0-8-g6b59dc7 (webtiles) character file.

3922 HeyBub the Blocker (level 10, -12/89 (90) HPs)
             Began as a Minotaur Fighter on June 1, 2017.
             Was a Follower of Makhleb.
             Mangled by a two-headed ogre
             ... wielding a +0 giant club
              (22 damage)
             ... on level 8 of the Dungeon.
             The game lasted 00:07:40 (5643 turns).

HeyBub the Blocker (Minotaur Fighter)               Turns: 5643, Time: 00:07:40

HP:   -12/89 (90)   AC: 15    Str: 25    XL:     10   Next: 1%
MP:   0/18          EV:  8    Int:  5    God:    Makhleb [*.....]
Gold: 447           SH: 13    Dex:  9    Spells: 9/9 levels left

rFire    . . .     SeeInvis .   a - +0 flail
rCold    . . .     Gourm    .   E - +1 shield of Boisuwots {+Blink MP+9}
rNeg     . . .     Faith    .   D - +0 plate armour
rPois    .         Spirit   +   (helmet restricted)
rElec    .         Reflect  .   I - +0 cloak
rCorr    .         Harm     .   (no gloves)
MR       .....                  (no boots)
Stlth    ..........             l - amulet of guardian spirit
Regen    0.3/turn               C - ring of loudness (curse)
MPRegen  0.2/turn               (no ring)

@: no status effects
A: retaliatory headbutt, horns 2
a: Renounce Religion, Evoke Blink


You were on level 8 of the Dungeon.
You worshipped Makhleb.
Makhleb was aware of your devotion.
You were hungry.

You visited 2 branches of the dungeon, and saw 9 of its levels.

You collected 447 gold pieces.

Inventory:

Hand Weapons
 a - a +0 flail (weapon)
 u - a +0 hand crossbow
Missiles
 x - 36 bolts
Armour
 b - a +0 scale mail
 D - a +0 plate armour (worn)
 E - the +1 shield of Boisuwots (worn) {+Blink MP+9}
   (You found it on level 8 of the Dungeon)

   It affects your magic capacity (+9).
   It lets you blink.
 I - a +0 cloak (worn)
Jewellery
 l - an amulet of guardian spirit (around neck)
 C - a cursed ring of loudness (left hand)
Wands
 c - a wand of lightning (8/15)
 r - a wand of iceblast (4/15)
 s - a wand of iceblast (6/15)
 H - a wand of paralysis (3/24)
Scrolls
 e - 10 scrolls of identify
 h - 8 scrolls of teleportation {unknown}
 i - a scroll of immolation {unknown}
 j - a scroll of enchant armour {unknown}
 m - 2 scrolls of amnesia {unknown}
 n - 4 scrolls of remove curse {unknown}
 q - 3 scrolls of recharging {unknown}
 t - 2 scrolls of fog {unknown}
 w - a scroll of fear {unknown}
 y - a scroll of brand weapon {unknown}
Potions
 g - 2 potions of agility {unknown}
 k - 4 potions of heal wounds {unknown}
 o - a potion of ambrosia {unknown}
 p - 2 potions of haste {unknown}
 v - 2 potions of curing {unknown}
 z - a potion of resistance {unknown}
 A - 2 potions of magic {unknown}
 B - a potion of lignification {unknown}
 F - a potion of degeneration {unknown}
Comestibles
 d - 4 royal jellies
 f - 10 bread rations
 G - 2 meat rations


   Skills:
 + Level 8.9 Fighting
 - Level 7.8 Maces & Flails
 + Level 8.7 Armour
 - Level 5.1 Dodging
 + Level 0.3 Stealth
 + Level 9.6 Shields


You had 9 spell levels left.
You didn't know any spells.

Dungeon Overview and Level Annotations

Branches:
Dungeon (8/15)             Temple (1/1) D:5
   Lair: D:8-11

Altars:
Gozag
Makhleb
Nemelex Xobeh
Okawaru
Qazlal
Sif Muna
Zin
The Shining One


Innate Abilities, Weirdness & Mutations

You reflexively headbutt those who attack you in melee.
You have a pair of horns on your head.


Message History

There are monsters nearby!
The orc warrior shouts!
You hit the two-headed ogre but do no damage.
The two-headed ogre is moderately wounded.
The two-headed ogre hits you with a giant club!!
The two-headed ogre hits you with a giant club!
There are monsters nearby!
You are too injured to fight recklessly!
There are monsters nearby!
You are too injured to fight recklessly!
The two-headed ogre hits you with a giant club!!
* * * LOW HITPOINT WARNING * * *
You block the two-headed ogre's attack.
A two-headed ogre comes into view.
It is wielding a giant club and a dire flail.
The orc priest mumbles some strange prayers to Beogh against you.
Beogh smites you!
* * * LOW HITPOINT WARNING * * *
A bullfrog comes into view.
The two-headed ogre hits you with a giant club!!
You die...

.. ..#..#..#.###.#.# #.
#.#..#..#.# #.#.# #
##.###.#..##.#.###.#.##
#.#..o##.#..##.......#...
#....o......O....# ###.##
##......o###.##...# #.#
#....(...# #....#######.#
##...>...###.##)........#
#......O@...############
#.#...##F##.#
#.##.###.##.# ### # ##
#.##.. ..# #.# #.# ..#
#.# ### #.# #.# ###.#


You could see a two-headed ogre, an orc warrior, a bullfrog, an orc priest and
an orc.

Vanquished Creatures
  2 two-headed ogres (D:8)
  Maurice (D:8)
  The ghost of tsuxds the Cudgeler, an amateur MiMo of the Shining One (D:3)
  2 orc warriors (D:6)
  An ice beast (D:8)
  A black bear (D:8)
  A necrophage (D:7)
  A phantom (D:4)
  3 ogres
  A centaur (D:7)
  2 bullfrogs
  Blork the orc (D:6)
  A gnoll sergeant (D:5)
  A water moccasin zombie (D:5)
  3 scorpions
  A vampire bat (D:6)
  A howler monkey (D:4)
  A crimson imp (D:7)
  4 jellies
  4 hounds
  A bullfrog skeleton (D:4)
  A centaur skeleton (D:4)
  2 iguanas
  6 worker ants
  A hound zombie (D:6)
  Robin (D:3)
  A worker ant zombie (D:8)
  4 gnolls (D:5)
  7 adders
  An ooze (D:2)
  An adder skeleton (D:6)
  4 worms
  2 dart slugs (D:4)
  4 leopard geckos
  14 orcs
  2 ball pythons
  6 giant cockroaches
  13 goblins
  10 hobgoblins
  16 jackals
  5 kobolds
  4 quokkas
  11 bats
  3 frilled lizards
  A quokka skeleton (D:5)
  A quokka zombie (D:6)
  5 rats
  A rat zombie (D:6)
161 creatures vanquished.

Notes
Turn   | Place    | Note
-------+----------+-------------------------------------------
     0 | D:1      | HeyBub the Minotaur Fighter began the quest for the Orb.
     0 | D:1      | Reached XP level 1. HP: 19/19 MP: 0/0
   281 | D:1      | Reached XP level 2. HP: 27/27 MP: 1/1
   298 | D:1      | Reached skill level 4 in Shields
   683 | D:1      | Reached XP level 3. HP: 33/33 MP: 2/2
  1066 | D:2      | Reached skill level 1 in Dodging
  1418 | D:3      | Noticed Robin
  1428 | D:3      | Killed Robin
  1428 | D:3      | Reached XP level 4. HP: 39/40 MP: 3/3
  1432 | D:3      | Noticed tsuxds's ghost (amateur MiMo)
  1451 | D:3      | Killed tsuxds's ghost
  1451 | D:3      | Reached XP level 5. HP: 23/46 MP: 4/4
  2129 | D:4      | Reached XP level 6. HP: 53/53 MP: 5/5
  2173 | D:4      | Reached skill level 5 in Armour
  2173 | D:4      | Reached skill level 5 in Shields
  2300 | D:4      | Reached skill level 5 in Maces & Flails
  2549 | D:4      | Reached XP level 7. HP: 43/60 MP: 4/6
  3007 | D:5      | Entered Level 5 of the Dungeon
  3191 | D:5      | Reached skill level 5 in Fighting
  3654 | D:5      | Found a staircase to the Ecumenical Temple.
  3761 | Temple   | Entered the Ecumenical Temple
  3777 | Temple   | Became a worshipper of Makhleb the Destroyer
  3918 | D:6      | Reached XP level 8. HP: 56/68 MP: 5/7
  3989 | D:6      | Reached skill level 6 in Shields
  4102 | D:6      | Noticed Blork the orc
  4112 | D:6      | Killed Blork the orc
  4307 | D:6      | Reached * piety under Makhleb
  4320 | D:6      | Found a sand-covered staircase.
  4525 | D:6      | Reached skill level 5 in Dodging
  4728 | D:7      | Reached skill level 7 in Shields
  4943 | D:7      | Reached XP level 9. HP: 65/77 MP: 6/8
  5136 | D:8      | Got a scorched shield
  5147 | D:8      | Identified the +1 shield of Boisuwots {+Blink MP+9} (You found it on level 8 of the Dungeon)
  5152 | D:8      | Noticed Maurice
  5163 | D:8      | Paralysed by something for 6 turns
  5191 | D:8      | Killed Maurice
  5191 | D:8      | Reached skill level 8 in Shields
  5269 | D:8      | Noticed a two-headed ogre
  5278 | D:8      | Killed a two-headed ogre
  5278 | D:8      | Reached skill level 9 in Shields
  5432 | D:8      | Noticed a two-headed ogre
  5443 | D:8      | Killed a two-headed ogre
  5443 | D:8      | Reached ** piety under Makhleb
  5633 | D:8      | Noticed a two-headed ogre
  5637 | D:8      | Reached XP level 10. HP: 62/89 MP: 9/9
  5641 | D:8      | Noticed a two-headed ogre
  5643 | D:8      | Mangled by a two-headed ogre

Skill      XL: |  1  2  3  4  5  6  7  8  9 |
---------------+----------------------------+-----
Shields        | 4 5 7 9 |  9.6
Armour         | 4 5 6 8 |  8.7
Dodging        | 1 2 3 4 5 |  5.1
Fighting       | 4 5 6 8 |  8.9
Maces & Flails | 4 5 6 7 |  7.8
Stealth        | |  0.3

Action                   |  1- 3 |  4- 6 |  7- 9 | 10-12 || total
-------------------------+-------+-------+-------+-------++-------
Melee: Flail             |    96 |    94 |   303 |     2 ||   495
       Headbutt          |    16 |    16 |    62 |     1 ||    95
  Use: Potion            |       |     1 |       |       ||     1
       Scroll            |       |       |     1 |       ||     1
  Eat: Chunk             |     1 |     4 |    10 |       ||    15
Armor: Scale mail        |    41 |    32 |    25 |       ||    98
       Plate armour      |       |       |    88 |       ||    88
Dodge: Dodged            |    23 |    17 |    86 |     1 ||   127
Block: Shield            |    57 |    33 |   144 |     2 ||   236
